Flyers vs Jets
Created - February 18, 2024 at 09:16
Goals
|
| Flyers |
2 |
1 |
2 |
5 |
| Jets |
0 |
1 |
2 |
3 |
|
Shots
|
| Flyers |
11 |
13 |
14 |
38 |
| Jets |
8 |
9 |
15 |
32 |
|
1st period
1. Flyers , Nathan Beaulieu 4 (Michael Bournival 8, Kasperi Kapanen 28) at 6:34
2. Flyers , Jordan Nolan 21 (Nick Ritchie 30) at 6:38
Penalties :
Dougie Hamilton (Win) for Hooking (Minor) at 9:22, Dougie Hamilton (Win) for Holding (Minor) at 17:07
2nd period
3. Flyers , Michael Bournival 10 (Calle Jarnkrok 14, Jake Dotchin 4) at 7:13
4. Jets , Alexander Wennberg 4 (Anthony Mantha 26) at 16:24
Penalties :
Tyler Toffoli (Win) for Roughing (Minor) at 2:27, Max Domi (Win) for Slashing (Minor) at 16:53, Dougie Hamilton (Win) for Roughing (Minor) at 19:15
3rd period
5. Flyers , Jeff Carter 15 (Kasperi Kapanen 29, Nathan Beaulieu 25) at 0:27 (PP)
6. Flyers , Travis Zajac 8 (Travis Konecny 6, Brock Nelson 6) at 8:34
7. Jets , Tyler Toffoli 15 (Mirco Mueller 6, Max Domi 27) at 10:53
8. Jets , Ryan Johansen 16 (Viktor Arvidsson 25, Alex Galchenyuk 30) at 18:34
Penalties :
Tyler Toffoli (Win) for Interference (Minor) at 2:43, Adam Larsson (Win) for Tripping (Minor) at 6:20
Goalie Stats
Ilya Sorokin (Phi), 29 saves from 32 shots - (0.906), W, 14-5-0, 60:00 minutes
Jacob Markstrom (Win), 33 saves from 38 shots - (0.868), L, 19-17-6, 60:00 minutes
Players Stats for Flyers
Player Name G A P +/- PIM S H SB GA TA FO MP PP MP PK MP
------------------------------------------------------------------------------------
Blake Heinrich 0 0 0 1 0 1 0 1 0 0 0/0 11:36 0:00 0:00
Brian Lashoff 0 0 0 -1 0 3 3 3 1 0 0/0 20:33 5:18 0:00
Brock Nelson 0 1 1 0 0 0 1 0 0 0 0/0 7:24 0:00 0:00
Calle Jarnkrok 0 1 1 2 0 3 0 1 0 0 2/8 12:06 0:05 0:00
Ivan Provorov 0 0 0 -1 0 1 2 1 2 0 0/0 20:33 5:18 0:00
Jacob Trouba 0 0 0 1 0 5 3 0 0 0 0/0 27:51 7:48 0:00
Jake Dotchin 0 1 1 1 0 2 0 0 0 2 0/0 11:36 0:00 0:00
Jakub Voracek 0 0 0 0 0 2 2 0 1 1 2/2 23:57 7:26 0:00
Jeff Carter 1 0 1 -1 0 1 3 1 0 0 4/11 16:41 5:39 0:00
Jordan Nolan 1 0 1 0 0 4 3 1 3 0 16/35 23:49 7:22 0:00
Kasperi Kapanen 0 2 2 -1 0 1 3 1 1 0 0/0 16:41 5:39 0:00
Max Pacioretty 0 0 0 -1 0 2 2 0 0 0 0/0 16:41 5:39 0:00
Michael Bournival 1 1 2 2 0 2 0 0 0 1 0/2 11:15 0:00 0:00
Nathan Beaulieu 1 1 2 1 0 2 3 2 3 0 0/0 27:51 7:48 0:00
Nick Ritchie 0 1 1 0 0 5 3 0 1 1 1/2 23:49 7:22 0:00
Niclas Bergfors 0 0 0 2 0 2 2 0 0 0 0/0 12:06 0:05 0:00
Travis Konecny 0 1 1 0 0 0 0 0 1 0 0/0 7:50 0:01 0:00
Travis Zajac 1 0 1 0 0 2 0 0 0 1 2/4 7:41 0:00 0:00
Players Stats for Jets
Player Name G A P +/- PIM S H SB GA TA FO MP PP MP PK MP
------------------------------------------------------------------------------------
Adam Larsson 0 0 0 -2 2 1 0 1 0 1 0/0 24:18 0:00 8:05
Alex Galchenyuk 0 1 1 1 0 2 3 1 0 0 1/2 22:33 0:00 7:26
Alexander Wennberg 1 0 1 0 0 1 1 0 0 0 1/4 10:43 0:00 0:12
Anthony Mantha 0 1 1 -1 0 1 4 1 0 3 0/0 11:45 0:00 1:17
Dougie Hamilton 0 0 0 -2 6 0 2 1 1 1 0/0 23:15 0:00 2:55
Frank Vatrano 0 0 0 0 0 1 2 1 0 0 0/0 6:52 0:00 0:00
Marco Scandella 0 0 0 0 0 0 1 1 0 2 0/0 23:02 0:00 8:47
Max Domi 0 1 1 -1 2 4 1 0 0 0 9/18 14:31 0:00 0:00
Mirco Mueller 0 1 1 1 0 0 0 0 0 0 0/0 13:22 0:00 1:14
Nathan Walker 0 0 0 0 0 2 0 0 0 1 0/0 6:52 0:00 0:00
Noel Acciari 0 0 0 -1 0 1 1 0 1 0 2/3 9:52 0:00 2:44
Ryan Johansen 1 0 1 1 0 4 3 1 0 0 16/27 19:08 0:00 4:24
Ryan Murray 0 0 0 -1 0 1 0 0 0 2 0/0 24:08 0:00 5:11
Sam Reinhart 0 0 0 0 0 2 0 0 1 0 0/0 10:13 0:00 0:00
Troy Stetcher 0 0 0 1 0 1 0 0 0 1 0/0 12:08 0:00 0:00
Tyler Seguin 0 0 0 -1 0 3 2 0 2 1 8/10 21:53 0:00 7:21
Tyler Toffoli 1 0 1 -1 4 2 3 0 0 0 0/0 17:31 0:00 2:48
Viktor Arvidsson 0 1 1 1 0 6 2 0 1 1 0/0 14:41 0:00 0:00
3 Stars
1 - Nathan Beaulieu (Phi)
2 - Michael Bournival (Phi)
3 - Jordan Nolan (Phi)
Power Play
Flyers - 1 on 7 Attempt(s) - 14.29%
Jets - 0 on 0 Attempt(s) - 0.00%
Penalty Kill
Flyers - 0 on 0 Attempt(s) - 0.00%
- Score 0 goal in Penalty Kill
Jets - 6 on 7 Attempt(s) - 85.71%
- Score 0 goal in Penalty Kill
Team Stat
Flyers - Hits : 30 - Faceoff Wins : 27 - Blocked Shots : 11 - Penalty Minutes : 0
Jets - Hits : 25 - Faceoff Wins : 37 - Blocked Shots : 7 - Penalty Minutes : 14
Official
Referees : Steve Kozari and Chris Schlenker
Linesman : James Tobias and Trent Knorr
Game Notes
No Game Note
Finance
Level 1 -- Attendance: 6000 (100.00%) -- Ticket Income $600,000
Level 2 -- Attendance: 4455 (89.10%) -- Ticket Income $267,300
Level 3 -- Attendance: 2000 (100.00%) -- Ticket Income $70,000
Level 4 -- Attendance: 3580 (89.50%) -- Ticket Income $89,500
Luxury Box -- Attendance: 1000 (100.00%) -- Ticket Income $200,000
Game was played at the Bell MTS Place.
Total Attendance: 17035 (94.64%)
Total Ticket Income: $1,226,800
Other Income: $184,020
Total Income: $1,410,820
Flyers
5 vs 5 Forward
Center Left Wing Right Wing Time % Phy DF OF
1 Jordan Nolan Nick Ritchie Jakub Voracek 40 1 2 2
2 Jeff Carter Max Pacioretty Kasperi Kapanen 30 1 2 2
3 Calle Jarnkrok Michael Bournival Niclas Bergfors 20 1 2 2
4 Travis Zajac Brock Nelson Travis Konecny 10 1 2 2
5 vs 5 Defense
Defense Defense Time % Phy DF OF
1 Jacob Trouba Nathan Beaulieu 40 1 2 2
2 Brian Lashoff Ivan Provorov 30 1 2 2
3 Jake Dotchin Blake Heinrich 20 1 2 2
4 Jacob Trouba Nathan Beaulieu 10 1 2 2
PowerPlay Forward
Center Left Wing Right Wing Time % Phy DF OF
1 Jordan Nolan Nick Ritchie Jakub Voracek 60 1 2 2
2 Jeff Carter Max Pacioretty Kasperi Kapanen 40 1 2 2
PowerPlay Defense
Defense Defense Time % Phy DF OF
1 Jacob Trouba Nathan Beaulieu 60 1 2 2
2 Brian Lashoff Ivan Provorov 40 1 2 2
Penalty Kill 4 Players Forward
Center Wing Time % Phy DF OF
1 Jordan Nolan Nick Ritchie 60 1 2 2
2 Jakub Voracek Jeff Carter 40 1 2 2
Penalty Kill 4 Players Defense
Defense Defense Time % Phy DF OF
1 Jacob Trouba Nathan Beaulieu 60 1 2 2
2 Brian Lashoff Ivan Provorov 40 1 2 2
Penalty Kill - 3 Players Forward
Forward Time % Phy DF OF
1 Jordan Nolan 60 1 2 2
2 Nick Ritchie 40 1 2 2
Penalty Kill - 3 Players Defense
Defense Defense Time % Phy DF OF
1 Jacob Trouba Nathan Beaulieu 60 1 2 2
2 Brian Lashoff Ivan Provorov 40 1 2 2
4 vs 4 Forward
Center Wing Time % Phy DF OF
1 Jordan Nolan Nick Ritchie 60 1 2 2
2 Jakub Voracek Jeff Carter 40 1 2 2
4 vs 4 Defense
Defense Defense Time % Phy DF OF
1 Jacob Trouba Nathan Beaulieu 60 1 2 2
2 Brian Lashoff Ivan Provorov 40 1 2 2
Last Minutes Offensive
Center Left Wing Right Wing Defense Defense
Jordan Nolan Nick Ritchie Jakub Voracek Jacob Trouba Nathan Beaulieu
Last Minutes Defensive
Center Left Wing Right Wing Defense Defense
Jordan Nolan Nick Ritchie Jakub Voracek Jacob Trouba Nathan Beaulieu
Goaltenders
Starting : Ilya Sorokin
Backup : Steve Mason
Extra Forwards
Normal : Niclas Bergfors, Calle Jarnkrok, Travis Zajac - PP : Niclas Bergfors, Calle Jarnkrok - PK : Travis Zajac
Extra Defensemen
Normal : Jake Dotchin, Blake Heinrich, Brian Lashoff - PP : Jake Dotchin - PK : Blake Heinrich, Brian Lashoff
Penalty Shots
Jordan Nolan, Nick Ritchie, Jakub Voracek, Jeff Carter, Max Pacioretty
Custom OT Lines Forwards
Jordan Nolan, Nick Ritchie, Jakub Voracek, Jeff Carter, Max Pacioretty, Kasperi Kapanen, Niclas Bergfors, Calle Jarnkrok, Travis Zajac, Travis Konecny
Custom OT Lines Defensemen
Jacob Trouba, Nathan Beaulieu, Brian Lashoff, Ivan Provorov, Jake Dotchin
Scratches
None
Jets
5 vs 5 Forward
Center Left Wing Right Wing Time % Phy DF OF
1 Ryan Johansen Alex Galchenyuk Viktor Arvidsson 35 1 1 3
2 Max Domi Tyler Toffoli Tyler Seguin 35 1 1 3
3 Alexander Wennberg Anthony Mantha Sam Reinhart 20 1 1 3
4 Noel Acciari Nathan Walker Frank Vatrano 10 1 1 3
5 vs 5 Defense
Defense Defense Time % Phy DF OF
1 Ryan Murray Dougie Hamilton 40 1 2 2
2 Adam Larsson Marco Scandella 30 1 2 2
3 Mirco Mueller Troy Stetcher 20 1 2 2
4 Adam Larsson Dougie Hamilton 10 1 2 2
PowerPlay Forward
Center Left Wing Right Wing Time % Phy DF OF
1 Ryan Johansen Alex Galchenyuk Viktor Arvidsson 60 1 2 2
2 Max Domi Tyler Toffoli Tyler Seguin 40 1 2 2
PowerPlay Defense
Defense Defense Time % Phy DF OF
1 Ryan Murray Dougie Hamilton 55 1 2 2
2 Marco Scandella Troy Stetcher 45 1 2 2
Penalty Kill 4 Players Forward
Center Wing Time % Phy DF OF
1 Tyler Seguin Alex Galchenyuk 60 1 2 2
2 Ryan Johansen Tyler Toffoli 40 1 2 2
Penalty Kill 4 Players Defense
Defense Defense Time % Phy DF OF
1 Adam Larsson Marco Scandella 60 1 2 2
2 Ryan Murray Dougie Hamilton 40 1 2 2
Penalty Kill - 3 Players Forward
Forward Time % Phy DF OF
1 Tyler Seguin 60 1 2 2
2 Alex Galchenyuk 40 1 2 2
Penalty Kill - 3 Players Defense
Defense Defense Time % Phy DF OF
1 Adam Larsson Dougie Hamilton 60 1 2 2
2 Ryan Murray Marco Scandella 40 1 2 2
4 vs 4 Forward
Center Wing Time % Phy DF OF
1 Tyler Seguin Anthony Mantha 60 1 2 2
2 Noel Acciari Frank Vatrano 40 1 2 2
4 vs 4 Defense
Defense Defense Time % Phy DF OF
1 Adam Larsson Dougie Hamilton 60 1 2 2
2 Ryan Murray Troy Stetcher 40 1 2 2
Last Minutes Offensive
Center Left Wing Right Wing Defense Defense
Ryan Johansen Alex Galchenyuk Tyler Seguin Adam Larsson Dougie Hamilton
Last Minutes Defensive
Center Left Wing Right Wing Defense Defense
Ryan Johansen Alex Galchenyuk Tyler Seguin Adam Larsson Dougie Hamilton
Goaltenders
Starting : Jacob Markstrom
Backup : Elvis Merzlikins
Extra Forwards
Normal : Anthony Mantha, Alexander Wennberg, Noel Acciari - PP : Anthony Mantha, Alexander Wennberg - PK : Noel Acciari
Extra Defensemen
Normal : Mirco Mueller, Marco Scandella, Ryan Murray - PP : Mirco Mueller - PK : Marco Scandella, Ryan Murray
Penalty Shots
Tyler Seguin, Alex Galchenyuk, Ryan Johansen, Tyler Toffoli, Viktor Arvidsson
Custom OT Lines Forwards
Tyler Seguin, Alex Galchenyuk, Ryan Johansen, Tyler Toffoli, Viktor Arvidsson, Max Domi, Anthony Mantha, Alexander Wennberg, Noel Acciari, Frank Vatrano
Custom OT Lines Defensemen
Adam Larsson, Dougie Hamilton, Ryan Murray, Troy Stetcher, Mirco Mueller
Scratches
None
% Time on Ice - Flyers
Lines # - Real PCT - Wanted PCT - Time Play
Normal Forward
1 - 36% - 40% - 16:48
2 - 24% - 30% - 11:27
3 - 24% - 20% - 11:15
4 - 16% - 10% - 7:24
Normal Defense
1 - 40% - 40% - 18:45
2 - 33% - 30% - 15:15
3 - 25% - 20% - 11:36
4 - 3% - 10% - 1:18
PP Forward
1 - 57% - 60% - 7:26
2 - 43% - 40% - 5:40
PP Defense
1 - 60% - 60% - 7:48
2 - 40% - 40% - 5:18
PK Forward
1 - 0% - 60%
2 - 0% - 40%
PK Defense
1 - 0% - 60%
2 - 0% - 40%
PK3 Forward
1 - 0% - 60%
2 - 0% - 40%
PK3 Defense
1 - 0% - 60%
2 - 0% - 40%
44 Forward
1 - 0% - 60%
2 - 0% - 40%
44 Defense
1 - 0% - 60%
2 - 0% - 40%
Last Minute Offensive - 0:00
Last Minute Defensive - 0:00
Total
Forward - 60:00
Defense - 60:00
|
% Time on Ice - Jets
Lines # - Real PCT - Wanted PCT - Time Play
Normal Forward
1 - 33% - 35% - 15:22
2 - 31% - 35% - 14:27
3 - 22% - 20% - 10:13
4 - 15% - 10% - 6:52
Normal Defense
1 - 41% - 40% - 19:03
2 - 30% - 30% - 14:09
3 - 26% - 20% - 12:08
4 - 3% - 10% - 1:34
PP Forward
1 - 0% - 60%
2 - 0% - 40%
PP Defense
1 - 0% - 55%
2 - 0% - 45%
PK Forward
1 - 66% - 60% - 8:42
2 - 34% - 40% - 4:24
PK Defense
1 - 68% - 60% - 8:58
2 - 32% - 40% - 4:08
PK3 Forward
1 - 0% - 60%
2 - 0% - 40%
PK3 Defense
1 - 0% - 60%
2 - 0% - 40%
44 Forward
1 - 0% - 60%
2 - 0% - 40%
44 Defense
1 - 0% - 60%
2 - 0% - 40%
Last Minute Offensive - 0:00
Last Minute Defensive - 0:00
Total
Forward - 60:00
Defense - 60:00
|
Play-by-Play
1st period
0:01 of 1st period - Ryan Johansen wins face-off versus Jordan Nolan in neutral zone.
0:04 of 1st period - Nick Ritchie is hit by Ryan Johansen and loses puck.
0:10 of 1st period - Nathan Beaulieu is hit by Dougie Hamilton and loses puck.
1:10 of 1st period - Snap shot by Nathan Walker.
1:10 of 1st period - Shot Blocked by Blake Heinrich.
1:12 of 1st period - Slapshot by Ryan Murray.
1:12 of 1st period - Shot Misses the Net.
1:14 of 1st period - Snap shot by Nathan Walker.
1:14 of 1st period - Stopped by Ilya Sorokin with a rebound.
1:20 of 1st period - Snap shot by Noel Acciari.
1:20 of 1st period - Stopped by Ilya Sorokin without a rebound.
1:21 of 1st period - Alex Galchenyuk wins face-off versus Jordan Nolan in Flyers zone.
1:44 of 1st period - Icing by Jacob Trouba.
1:45 of 1st period - Jeff Carter wins face-off versus Max Domi in Flyers zone.
2:12 of 1st period - Nick Ritchie is hit by Anthony Mantha and loses puck.
2:37 of 1st period - Snap shot by Calle Jarnkrok.
2:37 of 1st period - Shot Blocked by Ryan Johansen.
2:49 of 1st period - Calle Jarnkrok is hit by Ryan Johansen and loses puck.
4:00 of 1st period - Jacob Trouba is hit by Viktor Arvidsson and loses puck.
5:11 of 1st period - Ryan Murray is hit by Nick Ritchie and loses puck.
5:30 of 1st period - Slapshot by Viktor Arvidsson.
5:30 of 1st period - Stopped by Ilya Sorokin without a rebound.
5:31 of 1st period - Ryan Johansen wins face-off versus Calle Jarnkrok in Flyers zone.
5:42 of 1st period - Wrist shot by Viktor Arvidsson.
5:42 of 1st period - Stopped by Ilya Sorokin without a rebound.
5:43 of 1st period - Max Domi wins face-off versus Jordan Nolan in Flyers zone.
6:00 of 1st period - Marco Scandella is hit by Jakub Voracek and loses puck.
6:32 of 1st period - Slapshot by Michael Bournival.
6:32 of 1st period - Shot Blocked by Anthony Mantha.
6:34 of 1st period - Slapshot by Nathan Beaulieu.
6:34 of 1st period - Goal by Nathan Beaulieu - Flyers : 1 - Jets : 0.
6:35 of 1st period - Jordan Nolan wins face-off versus Max Domi in neutral zone.
6:38 of 1st period - Snap shot by Jordan Nolan.
6:38 of 1st period - Goal by Jordan Nolan - Flyers : 2 - Jets : 0.
6:39 of 1st period - Jordan Nolan wins face-off versus Max Domi in neutral zone.
6:55 of 1st period - Wrist shot by Tyler Seguin.
6:55 of 1st period - Shot Misses the Net.
7:30 of 1st period - Noel Acciari is hit by Kasperi Kapanen and loses puck.
7:35 of 1st period - Slapshot by Max Pacioretty.
7:35 of 1st period - Stopped by Jacob Markstrom with a rebound.
7:37 of 1st period - Slapshot by Blake Heinrich.
7:37 of 1st period - Stopped by Jacob Markstrom without a rebound.
7:38 of 1st period - Jordan Nolan wins face-off versus Max Domi in Jets zone.
7:39 of 1st period - Slapshot by Jakub Voracek.
7:39 of 1st period - Stopped by Jacob Markstrom with a rebound.
8:19 of 1st period - Snap shot by Nick Ritchie.
8:19 of 1st period - Shot Misses the Net.
8:21 of 1st period - Snap shot by Nick Ritchie.
8:21 of 1st period - Stopped by Jacob Markstrom without a rebound.
8:22 of 1st period - Ryan Johansen wins face-off versus Michael Bournival in Jets zone.
8:22 of 1st period - Ryan Johansen is hit by Nathan Beaulieu.
8:48 of 1st period - Calle Jarnkrok is hit by Anthony Mantha and loses puck.
9:12 of 1st period - Tyler Toffoli is hit by Kasperi Kapanen and loses puck.
9:22 of 1st period - Minor Penalty to Dougie Hamilton for Hooking.
9:23 of 1st period - Jordan Nolan wins face-off versus Tyler Seguin in Jets zone.
10:05 of 1st period - Backhand shot by Kasperi Kapanen.
10:05 of 1st period - Deflect By Ryan Murray.
10:05 of 1st period - Stopped by Jacob Markstrom without a rebound.
10:06 of 1st period - Tyler Seguin wins face-off versus Jordan Nolan in Jets zone.
10:21 of 1st period - Marco Scandella is hit by Jacob Trouba and loses puck.
11:22 of 1st period - Penalty to Dougie Hamilton is over, Dougie Hamilton is back on ice.
11:31 of 1st period - Wrist shot by Sam Reinhart.
11:31 of 1st period - Stopped by Ilya Sorokin without a rebound.
11:32 of 1st period - Travis Zajac wins face-off versus Alexander Wennberg in Flyers zone.
11:55 of 1st period - Backhand shot by Ryan Johansen.
11:55 of 1st period - Stopped by Ilya Sorokin with a rebound.
11:57 of 1st period - Backhand shot by Adam Larsson.
11:57 of 1st period - Stopped by Ilya Sorokin with a rebound.
12:09 of 1st period - Nick Ritchie is hit by Dougie Hamilton and loses puck.
12:22 of 1st period - Slapshot by Nick Ritchie.
12:22 of 1st period - Stopped by Jacob Markstrom with a rebound.
12:32 of 1st period - Nick Ritchie is hit by Frank Vatrano and loses puck.
12:41 of 1st period - Wrist shot by Nathan Walker.
12:41 of 1st period - Stopped by Ilya Sorokin without a rebound.
12:42 of 1st period - Max Domi wins face-off versus Jeff Carter in Flyers zone.
13:11 of 1st period - Wrist shot by Ryan Johansen.
13:11 of 1st period - Deflect By Brian Lashoff.
13:11 of 1st period - Shot Blocked by Brian Lashoff.
13:11 of 1st period - Puck is out of play.
13:12 of 1st period - Ryan Johansen wins face-off versus Calle Jarnkrok in Flyers zone.
13:19 of 1st period - Slapshot by Jacob Trouba.
13:19 of 1st period - Stopped by Jacob Markstrom without a rebound.
13:20 of 1st period - Ryan Johansen wins face-off versus Jeff Carter in Jets zone.
13:59 of 1st period - Wrist shot by Jordan Nolan.
13:59 of 1st period - Shot Misses the Net.
14:01 of 1st period - Snap shot by Jakub Voracek.
14:01 of 1st period - Shot Misses the Net.
14:03 of 1st period - Slapshot by Jordan Nolan.
14:03 of 1st period - Shot Misses the Net.
15:52 of 1st period - Slapshot by Calle Jarnkrok.
15:52 of 1st period - Stopped by Jacob Markstrom with a rebound.
15:54 of 1st period - Slapshot by Jake Dotchin.
15:54 of 1st period - Stopped by Jacob Markstrom with a rebound.
16:24 of 1st period - Troy Stetcher is hit by Kasperi Kapanen.
16:32 of 1st period - Wrist shot by Nathan Walker.
16:32 of 1st period - Shot Blocked by Nathan Beaulieu.
17:00 of 1st period - Slapshot by Dougie Hamilton.
17:00 of 1st period - Deflect By Alexander Wennberg.
17:00 of 1st period - Shot Misses the Net.
17:00 of 1st period - Puck is out of play.
17:01 of 1st period - Max Domi wins face-off versus Calle Jarnkrok in Flyers zone.
17:07 of 1st period - Minor Penalty to Dougie Hamilton for Holding.
17:08 of 1st period - Tyler Seguin wins face-off versus Nick Ritchie in Jets zone.
17:36 of 1st period - Adam Larsson is hit by Jeff Carter.
17:40 of 1st period - Wrist shot by Max Pacioretty.
17:40 of 1st period - Shot Misses the Net.
18:16 of 1st period - Brian Lashoff is hit by Alex Galchenyuk and loses puck.
18:45 of 1st period - Adam Larsson is hit by Max Pacioretty and loses puck.
19:07 of 1st period - Penalty to Dougie Hamilton is over, Dougie Hamilton is back on ice.
19:21 of 1st period - Snap shot by Anthony Mantha.
19:21 of 1st period - Shot Misses the Net.
19:23 of 1st period - Snap shot by Alexander Wennberg.
19:23 of 1st period - Shot Blocked by Ivan Provorov.
19:34 of 1st period - Off-side.
19:35 of 1st period - Noel Acciari wins face-off versus Travis Zajac in neutral zone.
19:40 of 1st period - Travis Zajac is hit by Frank Vatrano.
Goals for this period are 2 for Flyers vs 0 for Jets.
Shots for this period are 11 for Flyers vs 8 for Jets.
2nd period
0:01 of 2nd period - Jordan Nolan wins face-off versus Ryan Johansen in neutral zone.
0:26 of 2nd period - Nathan Beaulieu is hit by Tyler Seguin and loses puck.
1:18 of 2nd period - Mirco Mueller is hit by Brock Nelson and loses puck.
1:45 of 2nd period - Slapshot by Max Pacioretty.
1:45 of 2nd period - Stopped by Jacob Markstrom with a rebound.
1:48 of 2nd period - Icing by Troy Stetcher.
1:49 of 2nd period - Jakub Voracek wins face-off versus Ryan Johansen in Jets zone.
1:54 of 2nd period - Wrist shot by Viktor Arvidsson.
1:54 of 2nd period - Stopped by Ilya Sorokin with a rebound.
2:00 of 2nd period - Troy Stetcher is hit by Jordan Nolan.
2:07 of 2nd period - Icing by Brian Lashoff.
2:08 of 2nd period - Max Domi wins face-off versus Jordan Nolan in Flyers zone.
2:11 of 2nd period - Snap shot by Max Domi.
2:11 of 2nd period - Stopped by Ilya Sorokin without a rebound.
2:12 of 2nd period - Jordan Nolan wins face-off versus Max Domi in Flyers zone.
2:25 of 2nd period - Slapshot by Nick Ritchie.
2:25 of 2nd period - Stopped by Jacob Markstrom with a rebound.
2:27 of 2nd period - Minor Penalty to Tyler Toffoli for Roughing.
2:28 of 2nd period - Tyler Seguin wins face-off versus Jordan Nolan in Jets zone.
3:01 of 2nd period - Slapshot by Nathan Beaulieu.
3:01 of 2nd period - Stopped by Jacob Markstrom with a rebound.
3:03 of 2nd period - Slapshot by Jacob Trouba.
3:03 of 2nd period - Stopped by Jacob Markstrom with a rebound.
3:35 of 2nd period - Tyler Seguin is hit by Ivan Provorov and loses puck.
4:27 of 2nd period - Penalty to Tyler Toffoli is over, Tyler Toffoli is back on ice.
5:31 of 2nd period - Brian Lashoff is hit by Viktor Arvidsson and loses puck.
5:42 of 2nd period - Max Domi is hit by Brian Lashoff and loses puck.
6:08 of 2nd period - Adam Larsson is hit by Ivan Provorov.
6:20 of 2nd period - Anthony Mantha is hit by Brian Lashoff and loses puck.
7:07 of 2nd period - Wrist shot by Niclas Bergfors.
7:07 of 2nd period - Stopped by Jacob Markstrom with a rebound.
7:09 of 2nd period - Slapshot by Jake Dotchin.
7:09 of 2nd period - Stopped by Jacob Markstrom with a rebound.
7:11 of 2nd period - Wrist shot by Calle Jarnkrok.
7:11 of 2nd period - Stopped by Jacob Markstrom with a rebound.
7:13 of 2nd period - Wrist shot by Michael Bournival.
7:13 of 2nd period - Goal by Michael Bournival - Flyers : 3 - Jets : 0.
7:14 of 2nd period - Jordan Nolan wins face-off versus Ryan Johansen in neutral zone.
7:27 of 2nd period - Snap shot by Jakub Voracek.
7:27 of 2nd period - Deflect By Jordan Nolan.
7:27 of 2nd period - Shot Misses the Net.
7:27 of 2nd period - Puck is out of play.
7:28 of 2nd period - Jakub Voracek wins face-off versus Max Domi in Jets zone.
8:06 of 2nd period - Wrist shot by Jakub Voracek.
8:06 of 2nd period - Shot Misses the Net.
8:08 of 2nd period - Wrist shot by Nick Ritchie.
8:08 of 2nd period - Shot Misses the Net.
8:10 of 2nd period - Wrist shot by Jakub Voracek.
8:10 of 2nd period - Shot Blocked by Dougie Hamilton.
8:12 of 2nd period - Snap shot by Jakub Voracek.
8:12 of 2nd period - Stopped by Jacob Markstrom with a rebound.
8:14 of 2nd period - Snap shot by Jakub Voracek.
8:14 of 2nd period - Shot Misses the Net.
8:16 of 2nd period - Slapshot by Jacob Trouba.
8:16 of 2nd period - Deflect By Dougie Hamilton.
8:16 of 2nd period - Stopped by Jacob Markstrom without a rebound.
8:17 of 2nd period - Ryan Johansen wins face-off versus Jeff Carter in Jets zone.
8:32 of 2nd period - Snap shot by Viktor Arvidsson.
8:32 of 2nd period - Shot Misses the Net.
8:44 of 2nd period - Sam Reinhart is hit by Niclas Bergfors and loses puck.
9:05 of 2nd period - Slapshot by Ivan Provorov.
9:05 of 2nd period - Shot Blocked by Frank Vatrano.
9:07 of 2nd period - Wrist shot by Travis Zajac.
9:07 of 2nd period - Stopped by Jacob Markstrom with a rebound.
9:09 of 2nd period - Backhand shot by Ivan Provorov.
9:09 of 2nd period - Stopped by Jacob Markstrom without a rebound.
9:10 of 2nd period - Travis Zajac wins face-off versus Ryan Johansen in Jets zone.
9:25 of 2nd period - Snap shot by Ryan Johansen.
9:25 of 2nd period - Stopped by Ilya Sorokin without a rebound.
9:26 of 2nd period - Jordan Nolan wins face-off versus Max Domi in Flyers zone.
10:20 of 2nd period - Ryan Murray is hit by Niclas Bergfors and loses puck.
11:01 of 2nd period - Icing by Marco Scandella.
11:02 of 2nd period - Max Domi wins face-off versus Jordan Nolan in Jets zone.
11:22 of 2nd period - Tyler Seguin is hit by Jordan Nolan.
11:26 of 2nd period - Snap shot by Tyler Seguin.
11:26 of 2nd period - Stopped by Ilya Sorokin without a rebound.
11:27 of 2nd period - Ryan Johansen wins face-off versus Jeff Carter in Flyers zone.
11:28 of 2nd period - Snap shot by Viktor Arvidsson.
11:28 of 2nd period - Stopped by Ilya Sorokin without a rebound.
11:29 of 2nd period - Ryan Johansen wins face-off versus Jeff Carter in Flyers zone.
11:38 of 2nd period - Wrist shot by Alex Galchenyuk.
11:38 of 2nd period - Shot Blocked by Kasperi Kapanen.
11:40 of 2nd period - Snap shot by Troy Stetcher.
11:40 of 2nd period - Stopped by Ilya Sorokin with a rebound.
12:54 of 2nd period - Calle Jarnkrok is hit by Anthony Mantha and loses puck.
13:27 of 2nd period - Snap shot by Ryan Murray.
13:27 of 2nd period - Shot Misses the Net.
13:39 of 2nd period - Snap shot by Frank Vatrano.
13:39 of 2nd period - Shot Blocked by Jeff Carter.
13:57 of 2nd period - Wrist shot by Travis Zajac.
13:57 of 2nd period - Shot Blocked by Marco Scandella.
14:11 of 2nd period - Wrist shot by Jakub Voracek.
14:11 of 2nd period - Shot Misses the Net.
14:33 of 2nd period - Snap shot by Tyler Toffoli.
14:33 of 2nd period - Stopped by Ilya Sorokin without a rebound.
14:34 of 2nd period - Ryan Johansen wins face-off versus Jordan Nolan in Flyers zone.
14:37 of 2nd period - Wrist shot by Viktor Arvidsson.
14:37 of 2nd period - Shot Blocked by Brian Lashoff.
15:06 of 2nd period - Off-side.
15:07 of 2nd period - Max Domi wins face-off versus Jeff Carter in neutral zone.
15:20 of 2nd period - Slapshot by Jacob Trouba.
15:20 of 2nd period - Stopped by Jacob Markstrom without a rebound.
15:21 of 2nd period - Ryan Johansen wins face-off versus Jordan Nolan in Jets zone.
15:47 of 2nd period - Max Domi is hit by Nathan Beaulieu.
15:59 of 2nd period - Tyler Seguin is hit by Jeff Carter and loses puck.
16:16 of 2nd period - Snap shot by Sam Reinhart.
16:16 of 2nd period - Stopped by Ilya Sorokin without a rebound.
16:17 of 2nd period - Jordan Nolan wins face-off versus Alexander Wennberg in Flyers zone.
16:24 of 2nd period - Wrist shot by Alexander Wennberg.
16:24 of 2nd period - Goal by Alexander Wennberg - Flyers : 3 - Jets : 1.
16:25 of 2nd period - Jordan Nolan wins face-off versus Ryan Johansen in neutral zone.
16:29 of 2nd period - Jacob Trouba is hit by Ryan Johansen and loses puck.
16:53 of 2nd period - Minor Penalty to Max Domi for Slashing.
16:54 of 2nd period - Tyler Seguin wins face-off versus Jordan Nolan in Jets zone.
17:17 of 2nd period - Alex Galchenyuk is hit by Jordan Nolan and loses puck.
17:32 of 2nd period - Slapshot by Jakub Voracek.
17:32 of 2nd period - Shot Blocked by Alex Galchenyuk.
17:34 of 2nd period - Backhand shot by Jacob Trouba.
17:34 of 2nd period - Deflect By Nick Ritchie.
17:34 of 2nd period - Shot Misses the Net.
17:34 of 2nd period - Puck is out of play.
17:35 of 2nd period - Jeff Carter wins face-off versus Ryan Johansen in Jets zone.
18:36 of 2nd period - Tyler Toffoli is hit by Jakub Voracek and loses puck.
18:53 of 2nd period - Penalty to Max Domi is over, Max Domi is back on ice.
18:55 of 2nd period - Ryan Murray is hit by Max Pacioretty and loses puck.
19:12 of 2nd period - Snap shot by Calle Jarnkrok.
19:12 of 2nd period - Shot Misses the Net.
19:15 of 2nd period - Minor Penalty to Dougie Hamilton for Roughing.
19:16 of 2nd period - Tyler Seguin wins face-off versus Jordan Nolan in Jets zone.
19:16 of 2nd period - Tyler Seguin is hit by Nick Ritchie.
19:34 of 2nd period - Jordan Nolan is hit by Tyler Toffoli and loses puck.
19:41 of 2nd period - Nick Ritchie is hit by Tyler Toffoli and loses puck.
Goals for this period are 1 for Flyers vs 1 for Jets.
Shots for this period are 13 for Flyers vs 9 for Jets.
3rd period
0:01 of 3rd period - Tyler Seguin wins face-off versus Jordan Nolan in neutral zone.
0:12 of 3rd period - Adam Larsson is hit by Jacob Trouba and loses puck.
0:27 of 3rd period - Wrist shot by Kasperi Kapanen.
0:27 of 3rd period - Deflect By Jeff Carter.
0:27 of 3rd period - Goal by Jeff Carter - Flyers : 4 - Jets : 1.
0:28 of 3rd period - Ryan Johansen wins face-off versus Jordan Nolan in neutral zone.
0:39 of 3rd period - Wrist shot by Ryan Johansen.
0:39 of 3rd period - Shot Blocked by Jordan Nolan.
0:41 of 3rd period - Snap shot by Ryan Johansen.
0:41 of 3rd period - Deflect By Viktor Arvidsson.
0:41 of 3rd period - Shot Misses the Net.
0:41 of 3rd period - Puck is out of play.
0:42 of 3rd period - Jordan Nolan wins face-off versus Alex Galchenyuk in Flyers zone.
1:19 of 3rd period - Snap shot by Max Domi.
1:19 of 3rd period - Stopped by Ilya Sorokin without a rebound.
1:20 of 3rd period - Ryan Johansen wins face-off versus Calle Jarnkrok in Flyers zone.
1:21 of 3rd period - Slapshot by Alex Galchenyuk.
1:21 of 3rd period - Stopped by Ilya Sorokin without a rebound.
1:22 of 3rd period - Ryan Johansen wins face-off versus Calle Jarnkrok in Flyers zone.
1:57 of 3rd period - Wrist shot by Jordan Nolan.
1:57 of 3rd period - Stopped by Jacob Markstrom without a rebound.
1:58 of 3rd period - Nick Ritchie wins face-off versus Ryan Johansen in Jets zone.
2:26 of 3rd period - Ryan Murray is hit by Jeff Carter and loses puck.
2:43 of 3rd period - Minor Penalty to Tyler Toffoli for Interference.
2:44 of 3rd period - Tyler Seguin wins face-off versus Jordan Nolan in Jets zone.
2:55 of 3rd period - Slapshot by Jordan Nolan.
2:55 of 3rd period - Shot Blocked by Adam Larsson.
2:57 of 3rd period - Slapshot by Brian Lashoff.
2:57 of 3rd period - Stopped by Jacob Markstrom with a rebound.
2:59 of 3rd period - Snap shot by Jordan Nolan.
2:59 of 3rd period - Stopped by Jacob Markstrom without a rebound.
3:00 of 3rd period - Tyler Seguin wins face-off versus Jordan Nolan in Jets zone.
3:07 of 3rd period - Jakub Voracek is hit by Alex Galchenyuk and loses puck.
4:19 of 3rd period - Anthony Mantha is hit by Jacob Trouba and loses puck.
4:43 of 3rd period - Penalty to Tyler Toffoli is over, Tyler Toffoli is back on ice.
5:00 of 3rd period - Wrist shot by Michael Bournival.
5:00 of 3rd period - Deflect By Calle Jarnkrok.
5:00 of 3rd period - Shot Misses the Net.
5:00 of 3rd period - Puck is out of play.
5:01 of 3rd period - Noel Acciari wins face-off versus Travis Zajac in Jets zone.
5:31 of 3rd period - Slapshot by Brian Lashoff.
5:31 of 3rd period - Stopped by Jacob Markstrom without a rebound.
5:32 of 3rd period - Calle Jarnkrok wins face-off versus Max Domi in Jets zone.
6:11 of 3rd period - Slapshot by Niclas Bergfors.
6:11 of 3rd period - Stopped by Jacob Markstrom with a rebound.
6:15 of 3rd period - Snap shot by Calle Jarnkrok.
6:15 of 3rd period - Stopped by Jacob Markstrom with a rebound.
6:17 of 3rd period - Wrist shot by Michael Bournival.
6:17 of 3rd period - Deflect By Calle Jarnkrok.
6:17 of 3rd period - Shot Misses the Net.
6:17 of 3rd period - Puck is out of play.
6:18 of 3rd period - Ryan Johansen wins face-off versus Jordan Nolan in Jets zone.
6:20 of 3rd period - Minor Penalty to Adam Larsson for Tripping.
6:21 of 3rd period - Jordan Nolan wins face-off versus Tyler Seguin in Jets zone.
6:57 of 3rd period - Slapshot by Jacob Trouba.
6:57 of 3rd period - Shot Misses the Net.
6:59 of 3rd period - Backhand shot by Jacob Trouba.
6:59 of 3rd period - Stopped by Jacob Markstrom with a rebound.
7:55 of 3rd period - Jeff Carter is hit by Tyler Seguin and loses puck.
8:20 of 3rd period - Penalty to Adam Larsson is over, Adam Larsson is back on ice.
8:34 of 3rd period - Wrist shot by Travis Zajac.
8:34 of 3rd period - Goal by Travis Zajac - Flyers : 5 - Jets : 1.
8:35 of 3rd period - Ryan Johansen wins face-off versus Michael Bournival in neutral zone.
8:52 of 3rd period - Calle Jarnkrok is hit by Marco Scandella and loses puck.
9:11 of 3rd period - Nick Ritchie is hit by Tyler Toffoli and loses puck.
9:34 of 3rd period - Snap shot by Anthony Mantha.
9:34 of 3rd period - Stopped by Ilya Sorokin with a rebound.
9:36 of 3rd period - Wrist shot by Ryan Murray.
9:36 of 3rd period - Stopped by Ilya Sorokin without a rebound.
9:37 of 3rd period - Max Domi wins face-off versus Jeff Carter in Flyers zone.
9:38 of 3rd period - Snap shot by Tyler Seguin.
9:38 of 3rd period - Stopped by Ilya Sorokin with a rebound.
9:42 of 3rd period - Snap shot by Max Domi.
9:42 of 3rd period - Stopped by Ilya Sorokin with a rebound.
10:04 of 3rd period - Viktor Arvidsson is hit by Nick Ritchie and loses puck.
10:49 of 3rd period - Wrist shot by Max Domi.
10:49 of 3rd period - Shot Misses the Net.
10:51 of 3rd period - Slapshot by Mirco Mueller.
10:51 of 3rd period - Shot Misses the Net.
10:53 of 3rd period - Wrist shot by Tyler Toffoli.
10:53 of 3rd period - Goal by Tyler Toffoli - Flyers : 5 - Jets : 2.
10:54 of 3rd period - Jordan Nolan wins face-off versus Ryan Johansen in neutral zone.
11:10 of 3rd period - Slapshot by Nick Ritchie.
11:10 of 3rd period - Stopped by Jacob Markstrom with a rebound.
11:51 of 3rd period - Slapshot by Anthony Mantha.
11:51 of 3rd period - Deflect By Sam Reinhart.
11:51 of 3rd period - Shot Misses the Net.
11:51 of 3rd period - Puck is out of play.
11:52 of 3rd period - Ryan Johansen wins face-off versus Jordan Nolan in Flyers zone.
11:55 of 3rd period - Wrist shot by Ryan Johansen.
11:55 of 3rd period - Stopped by Ilya Sorokin without a rebound.
11:56 of 3rd period - Jordan Nolan wins face-off versus Ryan Johansen in Flyers zone.
12:23 of 3rd period - Wrist shot by Sam Reinhart.
12:23 of 3rd period - Deflect By Alexander Wennberg.
12:23 of 3rd period - Shot Blocked by Brian Lashoff.
12:23 of 3rd period - Puck is out of play.
12:24 of 3rd period - Jeff Carter wins face-off versus Alexander Wennberg in Flyers zone.
12:24 of 3rd period - Jeff Carter is hit by Anthony Mantha.
13:19 of 3rd period - Wrist shot by Frank Vatrano.
13:19 of 3rd period - Shot Misses the Net.
13:37 of 3rd period - Brock Nelson is hit by Max Domi and loses puck.
14:02 of 3rd period - Dougie Hamilton is hit by Nathan Beaulieu and loses puck.
14:48 of 3rd period - Backhand shot by Frank Vatrano.
14:48 of 3rd period - Stopped by Ilya Sorokin without a rebound.
14:49 of 3rd period - Calle Jarnkrok wins face-off versus Noel Acciari in Flyers zone.
14:57 of 3rd period - Slapshot by Jake Dotchin.
14:57 of 3rd period - Shot Misses the Net.
14:59 of 3rd period - Snap shot by Michael Bournival.
14:59 of 3rd period - Stopped by Jacob Markstrom without a rebound.
15:00 of 3rd period - Jordan Nolan wins face-off versus Max Domi in Jets zone.
15:03 of 3rd period - Snap shot by Nick Ritchie.
15:03 of 3rd period - Stopped by Jacob Markstrom without a rebound.
15:04 of 3rd period - Max Domi wins face-off versus Jordan Nolan in Jets zone.
15:19 of 3rd period - Snap shot by Brian Lashoff.
15:19 of 3rd period - Stopped by Jacob Markstrom with a rebound.
15:21 of 3rd period - Snap shot by Jordan Nolan.
15:21 of 3rd period - Stopped by Jacob Markstrom with a rebound.
16:31 of 3rd period - Slapshot by Frank Vatrano.
16:31 of 3rd period - Shot Blocked by Nathan Beaulieu.
17:25 of 3rd period - Michael Bournival is hit by Alexander Wennberg and loses puck.
17:58 of 3rd period - Travis Konecny is hit by Noel Acciari and loses puck.
18:10 of 3rd period - Off-side.
18:11 of 3rd period - Max Domi wins face-off versus Jordan Nolan in neutral zone.
18:13 of 3rd period - Ryan Murray is hit by Brian Lashoff and loses puck.
18:24 of 3rd period - Snap shot by Tyler Seguin.
18:24 of 3rd period - Stopped by Ilya Sorokin with a rebound.
18:26 of 3rd period - Slapshot by Max Domi.
18:26 of 3rd period - Stopped by Ilya Sorokin without a rebound.
18:27 of 3rd period - Jeff Carter wins face-off versus Ryan Johansen in Flyers zone.
18:32 of 3rd period - Backhand shot by Viktor Arvidsson.
18:32 of 3rd period - Stopped by Ilya Sorokin with a rebound.
18:34 of 3rd period - Slapshot by Ryan Johansen.
18:34 of 3rd period - Goal by Ryan Johansen - Flyers : 5 - Jets : 3.
18:35 of 3rd period - Alexander Wennberg wins face-off versus Calle Jarnkrok in neutral zone.
19:07 of 3rd period - Snap shot by Viktor Arvidsson.
19:07 of 3rd period - Stopped by Ilya Sorokin without a rebound.
19:08 of 3rd period - Jordan Nolan wins face-off versus Ryan Johansen in Flyers zone.
19:08 of 3rd period - Jordan Nolan is hit by Alex Galchenyuk.
19:57 of 3rd period - Snap shot by Alex Galchenyuk.
19:57 of 3rd period - Shot Blocked by Calle Jarnkrok.
19:59 of 3rd period - Slapshot by Alex Galchenyuk.
19:59 of 3rd period - Stopped by Ilya Sorokin with a rebound.
Goals for this period are 2 for Flyers vs 2 for Jets.
Shots for this period are 14 for Flyers vs 15 for Jets.